 Dungeon Crawl Stone Soup version 0.18-a0-1124-g7f29f61 (webtiles) character file.

99071 Geeful the Destroyer (level 16, -1/105 HPs)
             Began as an Octopode Fire Elementalist on Jan 19, 2016.
             Was the Champion of Sif Muna.
             Slain by a jumping spider (4 damage)
             ... on level 1 of the Spider Nest on Jan 20, 2016.
             The game lasted 04:53:46 (45693 turns).

Geeful the Destroyer (Octopode Fire Elementalist)  Turns: 45693, Time: 04:53:46

Health: -1/105     AC: 11    Str:  3    XL:     16   Next: 24%
Magic:  25/60      EV: 10    Int: 24    God:    Sif Muna [******]
Gold:   426        SH:  0    Dex: 16    Spells: 11 memorised, 2 levels left

rFire  + . .     SeeInvis +     s - staff of power
rCold  + . .     Gourm    .     I - +2 buckler {AC+3}
rNeg   . . .     Faith    .     R - +2 hat
rPois  +         Spirit   .     y - amulet of Yendor {rElec rPois Regen+ Str-4 SInv}
rElec  +         Dismiss  .     e - +3 ring of dexterity
rCorr  +         Reflect  .     Z - +5 ring of protection
SustAt .         Harm     .     z - ring of resist corrosion
MR     +....                    U - ring of flight
Stlth  +++.......               n - ring of fire
                                i - ring of protection from cold
                                Y - ring of magical power
                                v - ring of protection from cold

@: held, slowed, delayed fireball, very slow, somewhat resistant to hostile
enchantments, fairly stealthy
A: almost no armour, amphibious, 8 rings, constrict 8, camouflage 1, high mp 1,
gelatinous body 1
a: Channel Energy, Forget Spell, Renounce Religion, Release Delayed Fireball,
Evoke Flight


You were on level 1 of the Spider Nest.
You worshipped Sif Muna.
Sif Muna was exalted by your worship.
You were hungry.

You visited 5 branches of the dungeon, and saw 26 of its levels.
You also visited: Labyrinth, Ossuary, Ice Cave and Volcano.

You collected 2935 gold pieces.
You spent 2509 gold pieces at shops.

Inventory:

Hand Weapons
 k - the +10 dagger of Infinite Pain {pierce, Dex+4}
   (You found it on level 3 of the Lair of Beasts)

   It inflicts extra damage upon your enemies.
   It affects your dexterity (+4).
 T - a +2 blowgun
Missiles
 m - 2 throwing nets (quivered)
 o - 17 curare-tipped needles
 M - 85 poisoned needles
Armour
 I - a +2 buckler of protection (worn)
 R - a +2 hat (worn)
Magical Staves
 r - an uncursed staff of conjuration
 s - an uncursed staff of power (weapon)
Jewellery
 e - a +3 ring of dexterity (left tentacle)
 h - an uncursed ring of teleportation
 i - a ring of protection from cold (on tentacle)
 j - an uncursed amulet of magic regeneration
 n - a ring of fire (on tentacle)
 v - a ring of protection from cold (on tentacle)
 y - the amulet of Yendor (around mantle) {rElec rPois Regen+ Str-4 SInv}
   (You found it in a labyrinth)

   [amulet of regeneration]

   It affects your strength (-4).
   It insulates you from electricity.
   It protects you from poison.
   It lets you see invisible.
   It increases your rate of regeneration.
 z - a ring of resist corrosion (on tentacle)
 U - a ring of flight (on tentacle)
 Y - a ring of magical power (on tentacle)
 Z - a +5 ring of protection (right tentacle)
Wands
 d - a wand of slowing (29/48)
 t - a wand of confusion (16/48)
 w - a wand of digging (5/24)
 x - a wand of invisibility (7/9)
 P - a wand of confusion (41/48)
 X - a wand of fireball (8/15)
Scrolls
 b - 4 scrolls of fear
 f - 3 scrolls of summoning
 q - 2 scrolls of blinking
 D - 3 scrolls of teleportation
 J - 6 scrolls of recharging
 S - 2 scrolls of magic mapping
 V - 7 scrolls of remove curse
Potions
 c - 6 potions of brilliance
 g - 6 potions of curing
 l - a potion of haste
 p - 3 potions of cure mutation
 A - 4 potions of might
 C - 3 potions of invisibility
 E - 4 potions of lignification
 G - 3 potions of magic
 H - 3 potions of ambrosia
 K - 3 potions of resistance
 N - 2 potions of cancellation
Miscellaneous
 u - a lamp of fire
 F - an ornate deck of changes {drawn: 3}
 W - a box of beasts {used: 3}
Comestibles
 a - 9 chunks of flesh
 B - 9 bread rations
 L - 6 meat rations


   Skills:
 - Level 8.3 Fighting
 - Level 10.0 Dodging
 - Level 2.6 Stealth
 - Level 4.1 Shields
 + Level 13.4 Spellcasting
 + Level 13.6 Conjurations
 - Level 4.9 Charms
 + Level 13.1 Fire Magic
 - Level 8.3 Invocations


You had 2 spell levels left.
You knew the following spells:

 Your Spells              Type           Power        Failure   Level  Hunger
a - Flame Tongue          Conj/Fire      #####        0%          1    None
b - Sticky Flame          Conj/Fire      #######.     1%          4    None
c - Fireball              Conj/Fire      #######...   1%          5    ###....
d - Shroud of Golubria    Chrm/Tloc      ####......   1%          2    None
e - Blink                 Tloc           N/A          8%          2    None
f - Apportation           Tloc           ###.......   4%          1    None
g - Delayed Fireball      Conj/Fire      N/A          14%         7    ######.
h - Bolt of Magma         Conj/Fire/Erth ######....   2%          5    ###....
i - Bolt of Fire          Conj/Fire      #######...   2%          6    #####..
j - Iskenderun's Mystic   Conj           ######..     1%          4    None
k - Orb of Destruction    Conj           ######....   14%         7    ######.


Dungeon Overview and Level Annotations

Branches:
Dungeon (14/15)            Temple (1/1) D:5            Lair (8/8) D:9
 Shoals (0/4) Lair:6       Spider (1/4) Lair:3        Slime (0/6) Lair:8
    Orc (2/2) D:10            Elf (0/3) Orc:2
 Vaults: D:13-14

Altars:
Ashenzari
Cheibriados
Dithmenos
Elyvilon
Fedhas
Gozag
Kikubaaqudgha
Makhleb
Nemelex Xobeh
Okawaru
Pakellas
Qazlal
Ru
Sif Muna
Trog
Vehumet
Xom
Yredelemnul
Zin
The Shining One
Beogh
Lugonu

Shops:
D:4 !   D:5 [   D:9 !(%   D:11 %   D:13 *   Orc:2 }?*

Portals:
Pandemonium: Orc:2
Trove: D:11 (show abyssal rune of Zot)

Annotations:
Lair:1 exclusion: door
Lair:7 exclusion: death yak


Innate Abilities, Weirdness & Mutations

You cannot wear most types of armour.
You are amphibious.
You can wear up to eight rings at the same time.
You can use your tentacles to constrict eight enemies at once.
Your skin changes colour to match your surroundings (Stealth).
Your rubbery body absorbs attacks (AC +1).
You have an increased reservoir of magic (+10% MP).


Message History

You are more confused.
The redback bites you.
* * * LOW HITPOINT WARNING * * *
The hornet stings you!
* * * LOW HITPOINT WARNING * * *
You feel yourself slow down.
Drink which item? (? for menu, Esc to quit)
You feel better.
The jumping spider burns! x2
The tarantella burns!
You kill the tarantella!
The redback barely misses you. The jumping spider pounces on you!
* * * LOW HITPOINT WARNING * * *
The jumping spider closely misses you.
The jumping spider barely misses you. x2
The redback bites you.
* * * LOW HITPOINT WARNING * * *
The hornet barely misses you.
The redback bites you but does no damage.
The jumping spider pounces on you!
* * * LOW HITPOINT WARNING * * *
The jumping spider bites you.
You die...

... ... ####..
#..... ####
#..... #≈≈.##
#..... ..#..#
#...y#s....#
#..†@s....#
.....†.ss....#
..s..##......#
.... ≈..#...#
... #..#...#
#. #### ..# #
.# .#


You could see a hornet, 3 jumping spiders and 2 redbacks.

Vanquished Creatures
  An acid blob (Lair:8)
  Gastronok (Lair:2)
  Snorg (Orc:1)
  A minotaur (Lab)
  A vault guard (D:14)
  5 hydras
  2 catoblepae
  Erolcha (D:8)
  4 orc high priests (Orc:2)
  Urug (D:11)
  A sun demon (Orc:2)
  2 skeletal warriors (D:10)
  A lindwurm (Orc:2)
  3 gelid demonspawn (Orc:2)
  4 hill giants
  2 deep elf magi
  5 orc knights (Orc:2)
  9 orc sorcerers (Orc:2)
  5 ugly things
  2 manticores
  An oklob plant (Lair:7)
  3 cyclopes
  A wolf spider (Lair:3)
  An orb spider (Spider:1)
  5 black mambas
  29 elephants
  A gargoyle (D:13)
  22 spiny frogs
  6 komodo dragons
  A redback zombie (D:13)
  6 fire drakes
  3 kobold demonologists
  2 trolls
  A jumping spider (Spider:1)
  3 giant leeches (Lair:8)
  3 polar bears
  Grinder (D:3)
  2 two-headed ogres
  27 blink frogs
  10 slime creatures
  A shadow (D:14)
  7 redbacks
  2 ynoxinuls (Orc:2)
  A tarantella (Spider:1)
  56 yaks
  Sigmund (D:3)
  A human (D:9)
  2 wyverns
  2 wraiths
  A hog (Volcano)
  Eustachio (D:5)
  A hungry ghost (D:10)
  A neqoxec (Orc:2)
  5 hippogriffs
  4 basilisks
  A steam dragon (D:10)
  8 vampire mosquitoes
  The ghost of chequers the Slasher, an amateur DsGl (D:3)
  A warg (Orc:1)
  Edmund (D:4)
  12 wolves
  2 mottled dragons
  10 porcupines
  18 water moccasins
  2 black bears
  35 orc warriors
  3 phantoms
  3 sky beasts
  11 ice beasts
  A wasp (D:13)
  3 necrophages
  14 ogres
  An eye of draining (D:11)
  7 centaurs
  10 crocodiles
  5 big kobolds
  29 giant frogs
  A gnoll sergeant (D:12)
  A water moccasin zombie (D:9)
  3 scorpions
  20 killer bees
  5 wights (D:11)
  11 electric eels
  2 giant frog zombies
  5 centaur zombies
  5 crimson imps
  A quasit (D:9)
  11 hounds
  A wasp zombie (D:12)
  9 jellies
  4 giant frog skeletons
  33 orc priests
  5 centaur skeletons
  8 iguanas
  21 orc wizards
  Natasha (thrice) (D:3)
  11 worker ants
  10 sheep
  A hound skeleton (D:11)
  8 mummies (Ossuary)
  A worker ant zombie (D:9)
  12 gnolls
  17 adders
  60 river rats
  4 shadow imps
  4 oozes
  An adder skeleton (D:8)
  An adder zombie (D:9)
  3 worms (D:2)
  5 giant geckos
  115 orcs
  15 bats
  7 giant cockroaches
  9 hobgoblins
  3 jackals
  7 quokkas
  A ball python (D:5)
  6 giant newts
  3 gnoll zombies (Ossuary)
  14 goblins
  A hobgoblin zombie (Ossuary)
  A jackal skeleton (D:4)
  A jackal zombie (D:2)
  26 kobolds
  2 kobold zombies (Ossuary)
  2 orc zombies (Ossuary)
  6 rats
  A fungus (Lair:8)
  5 plants (D:11)
956 creatures vanquished.

Vanquished Creatures (collateral kills)
  A blink frog (Lair:3)
  A fire bat (Volcano)
2 creatures vanquished.

Vanquished Creatures (others)
  A centaur skeleton (D:13)
  A yak (IceCv)
  A wolf (IceCv)
  An orc priest (Orc:2)
  4 fungi
  11 plants
19 creatures vanquished.

Grand Total: 977 creatures vanquished

Notes
Turn   | Place    | Note
--------------------------------------------------------------
     0 | D:1      | Geeful the Octopode Fire Elementalist began the quest for the Orb.
     0 | D:1      | Reached XP level 1. HP: 11/11 MP: 3/3
   288 | D:1      | Reached XP level 2. HP: 17/17 MP: 1/5
   744 | D:1      | Reached XP level 3. HP: 21/21 MP: 2/6
  1396 | D:2      | Reached XP level 4. HP: 23/27 MP: 4/7
  1763 | D:2      | Learned a level 4 spell: Sticky Flame
  2695 | D:2      | Reached skill level 4 in Fire Magic
  2831 | D:3      | Noticed chequers's ghost (amateur DsGl)
  3111 | D:3      | Found a basalt altar of Yredelemnul.
  3266 | D:3      | Found a shimmering altar of Xom.
  3330 | D:3      | Noticed an orc warrior
  3335 | D:3      | Reached XP level 5. HP: 22/31 MP: 0/9
  3598 | D:3      | Found a burning altar of Makhleb.
  4043 | D:2      | HP: 1/31 [orc warrior/scimitar (20)]
  4393 | D:2      | HP: 1/31 [orc warrior/scimitar (26)]
  4434 | D:2      | Killed an orc warrior
  4434 | D:2      | Reached XP level 6. HP: 5/36 MP: 6/11
  4830 | D:3      | Found a stormy altar of Qazlal.
  4847 | D:3      | Found a white marble altar of Elyvilon.
  4927 | D:3      | Noticed a fire elemental
  4933 | D:3      | Noticed a water elemental
  4933 | D:3      | Noticed an air elemental
  4995 | D:3      | Noticed Sigmund
  4996 | D:3      | Noticed Natasha
  5032 | D:3      | Killed Sigmund
  5104 | D:3      | Found an iron altar of Okawaru.
  5105 | D:3      | Found an opulent altar of Gozag.
  5119 | D:3      | Killed Natasha
  5200 | D:3      | Reached XP level 7. HP: 41/41 MP: 13/13
  5510 | D:2      | Reached skill level 5 in Fire Magic
  5789 | D:3      | Noticed Natasha
  5799 | D:3      | Killed Natasha
  5875 | D:3      | Found a blossoming altar of Fedhas.
  5875 | D:3      | Found a stormy altar of Qazlal.
  5919 | D:3      | Noticed Grinder
  5920 | D:3      | Found a glowing silver altar of Zin.
  6112 | D:3      | Noticed Natasha
  6116 | D:3      | Killed Natasha
  6709 | D:4      | Found Deit's Distillery.
  6719 | D:4      | Bought 2 potions of heal wounds for 130 gold pieces
  6719 | D:4      | Bought a potion of curing for 39 gold pieces
  7439 | D:5      | Entered Level 5 of the Dungeon
  7440 | D:5      | Noticed Edmund
  7467 | D:4      | Killed Edmund
  7542 | D:5      | Found a staircase to the Ecumenical Temple.
  7567 | Temple   | Entered the Ecumenical Temple
  7775 | D:5      | Reached skill level 5 in Conjurations
  7787 | D:5      | Noticed a yak
  7787 | D:5      | Noticed a yak
  7790 | D:5      | Reached skill level 6 in Fire Magic
  7791 | D:5      | Reached XP level 8. HP: 23/46 MP: 13/15
  7792 | D:5      | Noticed a yak
  7792 | D:5      | Noticed a yak
  7799 | D:5      | Killed a yak
  7800 | D:5      | Noticed a yak
  7812 | D:5      | Killed a yak
  7812 | D:5      | Reached skill level 5 in Spellcasting
  8081 | D:5      | Found a sand-covered staircase.
  8089 | Ossuary  | Entered an ossuary
  8750 | D:5      | Found a bloodstained altar of Trog.
  8828 | D:5      | Found Utuimp's Antique Armour Shop.
  8841 | D:5      | Bought a glowing buckler for 72 gold pieces
  8926 | D:5      | Reached skill level 1 in Shields
  9049 | D:5      | Killed a yak
  9347 | D:5      | Noticed Eustachio
  9356 | D:5      | Killed Eustachio
  9356 | D:5      | Reached XP level 9. HP: 43/51 MP: 11/17
  9656 | D:5      | Reached skill level 7 in Fire Magic
  9997 | D:5      | Got a polished trident
 10000 | D:5      | Identified the +6 trident of Embarrassment {freeze, rPois rF+++ MP-9 Str-2} (You found it on level 5 of the Dungeon)
 11313 | D:7      | Found a white marble altar of Elyvilon.
 11418 | D:7      | Found a snail-covered altar of Cheibriados.
 11426 | D:7      | Found an ancient bone altar of Kikubaaqudgha.
 11442 | D:7      | Noticed a purple ugly thing
 11457 | D:7      | Killed a purple ugly thing
 11636 | D:7      | Reached skill level 8 in Fire Magic
 12035 | D:7      | Found a deep blue altar of Sif Muna.
 12040 | D:7      | Became a worshipper of Sif Muna the Loreminder
 12196 | D:7      | Reached skill level 1 in Invocations
 12221 | D:7      | Reached XP level 10. HP: 43/56 MP: 20/20
 12629 | D:8      | Noticed Erolcha
 12637 | D:8      | Learned a level 5 spell: Fireball
 12643 | D:8      | Killed Erolcha
 12769 | D:8      | Reached * piety under Sif Muna
 13433 | D:9      | Found a stormy altar of Qazlal.
 13766 | D:9      | Found a sparkling altar of Nemelex Xobeh.
 13811 | D:9      | Found Cuiwnap's Food Emporium.
 13824 | D:9      | Reached skill level 9 in Fire Magic
 14058 | D:9      | Learned a level 2 spell: Shroud of Golubria
 14124 | D:9      | Found Enisajake's Distillery.
 14131 | D:9      | Bought a potion of lignification for 51 gold pieces
 14131 | D:9      | Bought a potion of curing for 51 gold pieces
 14131 | D:9      | Bought a potion of heal wounds for 85 gold pieces
 14228 | D:9      | Found a staircase to the Lair.
 14228 | D:9      | Noticed an elephant
 14252 | D:9      | Killed an elephant
 14588 | D:9      | Found Gatit's Antique Weapon Shoppe.
 14783 | D:10     | Entered Level 10 of the Dungeon
 14788 | D:10     | Noticed a skeletal warrior
 14790 | D:10     | Noticed a skeletal warrior
 14840 | D:9      | Reached ** piety under Sif Muna
 14920 | D:10     | Noticed a skeletal warrior
 15492 | D:9      | Reached XP level 11. HP: 34/61 MP: 20/23
 15629 | D:10     | Noticed a hill giant
 16030 | D:9      | Killed a hill giant
 16030 | D:9      | Reached skill level 5 in Invocations
 16465 | Lair:1   | Entered Level 1 of the Lair of Beasts
 18077 | Lair:1   | Reached *** piety under Sif Muna
 18470 | Lair:1   | Reached skill level 10 in Fire Magic
 19413 | Lair:2   | Found a frozen archway.
 19544 | IceCv    | Entered an ice cave
 19560 | IceCv    | Reached skill level 10 in Conjurations
 19587 | IceCv    | HP: 3/61 [polar bear (11)]
 19860 | Lair:2   | Learned a level 2 spell: Blink
 19862 | Lair:2   | Learned a level 1 spell: Apportation
 19964 | Lair:2   | Reached **** piety under Sif Muna
 20000 | Lair:2   | Reached XP level 12. HP: 27/66 MP: 18/25
 21467 | Lair:2   | Reached ***** piety under Sif Muna
 21954 | Lair:2   | Reached skill level 11 in Fire Magic
 22750 | Lair:3   | Reached skill level 1 in Fighting
 23102 | Lair:3   | Got a jewelled dagger
 23106 | Lair:3   | Identified the +10 dagger of Infinite Pain {pierce, Dex+4} (You found it on level 3 of the Lair of Beasts)
 23169 | Lair:3   | Found a hole to the Spider Nest.
 23173 | Lair:3   | Noticed Gastronok
 24334 | D:10     | Found a staircase to the Orcish Mines.
 24905 | D:10     | Found a roughly hewn altar of Beogh.
 24908 | Orc:1    | Entered Level 1 of the Orcish Mines
 25249 | D:11     | Reached skill level 5 in Dodging
 25303 | D:11     | Identified a scroll of acquirement
 25321 | D:11     | Found a portal to a secret trove of treasure.
 25323 | D:11     | Reached XP level 13. HP: 79/79 MP: 26/26
 25532 | D:11     | Reached skill level 5 in Fighting
 25609 | D:11     | Found a roughly hewn altar of Beogh.
 25970 | D:11     | Found Keawecw's Food Shop.
 28140 | D:13     | Found Tiubof's Assorted Antiques.
 28150 | D:13     | Bought a metal-bound book for 390 gold pieces
 28150 | D:13     | Bought a scroll of blinking for 195 gold pieces
 28150 | D:13     | Bought a scroll of identify for 52 gold pieces
 28151 | D:13     | Gained mutation: You have supernaturally acute eyesight. [potion of mutation]
 28151 | D:13     | Gained mutation: Your body sometimes deteriorates upon taking damage. [potion of mutation]
 28151 | D:13     | Gained mutation: You expend magic power (3 MP) to strengthen your wands. [potion of mutation]
 28152 | D:13     | Lost mutation: You expend magic power (3 MP) to strengthen your wands. [potion of cure mutation]
 28152 | D:13     | Lost mutation: Your body sometimes deteriorates upon taking damage. [potion of cure mutation]
 28152 | D:13     | Lost mutation: You have supernaturally acute eyesight. [potion of cure mutation]
 28153 | D:13     | Gained mutation: You have an increased reservoir of magic (+10% MP). [potion of beneficial mutation]
 29747 | D:13     | Found an opulent altar of Gozag.
 30590 | D:11     | Noticed Urug
 30613 | D:11     | Killed Urug
 31030 | D:11     | Reached XP level 14. HP: 75/94 MP: 30/30
 31036 | D:11     | Reached skill level 10 in Dodging
 31471 | Lair:3   | Reached skill level 10 in Spellcasting
 31512 | Lair:2   | Upgraded the game from 0.18-a0-1121-gb454403 to 0.18-a0-1124-g7f29f61
 32033 | Lair:2   | Killed Gastronok
 32478 | Lair:3   | Reached skill level 1 in Charms
 33086 | Lair:4   | Reached ****** piety under Sif Muna
 33092 | Lair:4   | Received a gift from Sif Muna
 33093 | Lair:4   | Identified Sif Muna's Grimoire of Attacks and Fire (Sif Muna gifted it to you on level 4 of the Lair of Beasts)
 33141 | Lair:4   | Learned a level 7 spell: Delayed Fireball
 33309 | D:11     | Learned a level 5 spell: Fireball
 33317 | D:11     | Learned a level 7 spell: Delayed Fireball
 33585 | Lair:4   | Found a glowing silver altar of Zin.
 34815 | Lair:5   | Found an iron altar of Okawaru.
 35687 | Lair:6   | Found a staircase to the Shoals.
 37057 | Lair:7   | Received a gift from Sif Muna
 37059 | Lair:7   | Identified Sif Muna's Reference Book on Torrid Attacks (Sif Muna gifted it to you on level 7 of the Lair of Beasts)
 37688 | Lair:7   | Reached skill level 12 in Spellcasting
 37688 | Lair:7   | Reached XP level 15. HP: 99/99 MP: 28/34
 38089 | Lair:8   | Entered Level 8 of the Lair of Beasts
 38147 | Lair:8   | Found a staircase to the Slime Pits.
 39123 | Lair:8   | Noticed an acid blob
 39148 | Lair:8   | Killed an acid blob
 39931 | Lair:8   | Got a pitted great mace
 40170 | Lair:2   | Received a gift from Sif Muna
 40174 | Lair:2   | Identified Sif Muna's Collected Works on Fire and Battle Magic (Sif Muna gifted it to you on level 2 of the Lair of Beasts)
 40182 | Lair:2   | Learned a level 5 spell: Bolt of Magma
 40189 | Lair:2   | Learned a level 6 spell: Bolt of Fire
 40194 | Lair:2   | Learned a level 4 spell: Iskenderun's Mystic Blast
 40991 | Orc:2    | Entered Level 2 of the Orcish Mines
 41014 | Orc:2    | Found a labyrinth entrance.
 41023 | Lab      | Entered a labyrinth
 41227 | Lab      | Got a crude brass amulet
 41229 | Lab      | Got a transparent falchion
 41430 | Orc:1    | Noticed Snorg
 41438 | Orc:1    | Killed Snorg
 41577 | Orc:2    | Found a dark tunnel.
 41586 | Volcano  | Entered a volcano
 42295 | Orc:2    | Found a staircase to the Elven Halls.
 42297 | Orc:2    | Reached skill level 13 in Conjurations
 42772 | Orc:2    | Found Hutaagej's General Store.
 42775 | Orc:2    | Found Eskuj's Magic Scroll Shoppe.
 42963 | Orc:2    | Reached XP level 16. HP: 105/105 MP: 36/36
 42978 | Orc:2    | Bought a scroll of identify for 36 gold pieces
 42978 | Orc:2    | Bought a scroll of identify for 36 gold pieces
 42979 | Orc:2    | Identified the amulet of Yendor {rElec rPois Regen+ Str-4 SInv} (You found it in a labyrinth)
 42980 | Orc:2    | Identified the cursed +2 falchion "Adiofiha" {freeze, rC+ Str+4 Dex-4} (You found it in a labyrinth)
 43059 | Orc:2    | Received a gift from Sif Muna
 43060 | Orc:2    | Identified Sif Muna's Almanac of Arcane Weapons (Sif Muna gifted it to you on level 2 of the Orcish Mines)
 43069 | Orc:2    | Learned a level 7 spell: Orb of Destruction
 43135 | Orc:2    | Found Acyos's Gadget Shop.
 43135 | Orc:2    | Found Vaiwogom's Antique Weapon Boutique.
 43136 | Orc:2    | Found a one-way gate leading to the halls of Pandemonium.
 43143 | Orc:2    | Bought a wand of invisibility (7/9) for 154 gold pieces
 43184 | Orc:2    | Bought a scroll of teleportation for 54 gold pieces
 43184 | Orc:2    | Bought a scroll of teleportation for 54 gold pieces
 43184 | Orc:2    | Bought a scroll of fear for 63 gold pieces
 43184 | Orc:2    | Bought a scroll of fear for 63 gold pieces
 43184 | Orc:2    | Bought a scroll of recharging for 171 gold pieces
 43184 | Orc:2    | Bought a scroll of summoning for 171 gold pieces
 43184 | Orc:2    | Bought a scroll of recharging for 171 gold pieces
 43184 | Orc:2    | Bought a scroll of recharging for 171 gold pieces
 43186 | Orc:2    | Bought a cursed ring of magical power for 255 gold pieces
 43328 | Orc:2    | Bought a scroll of teleportation for 45 gold pieces
 43342 | Orc:2    | Identified a +4 rod of shadows (11/11) (You found it in a labyrinth)
 43626 | Orc:2    | Found a runed door.
 43885 | Orc:2    | Found a roughly hewn altar of Beogh.
 44605 | D:3      | Killed chequers's ghost
 44647 | D:3      | Killed Grinder
 45264 | D:13     | Identified the +5 great mace "Newtslayer" {flame, +Fly rElec Dex-4} (You found it on level 8 of the Lair of Beasts)
 45683 | Spider:1 | Entered Level 1 of the Spider Nest
 45693 | Spider:1 | HP: 3/105 [jumping spider (9)]
 45693 | Spider:1 | Slain by a jumping spider

Vault maps used:
D:1:      dpeg_arrival_radiant
D:3:      grunt_temple_overflow_order_and_chaos_2, lemuel_doored_altar,
          nicolae_overflow_crystal_walls, nicolae_overflow_hidden_temple,
          first_bread, nicolae_qazlal_style_of_elements, uniq_sigmund,
          uniq_natasha, uniq_grinder
D:4:      serial_forest, infiniplex_forest_clump_double,
          infiniplex_forest_diagonal, infiniplex_forest_clump_curved,
          infiniplex_forest_clump_large, infiniplex_forest_corner_1,
          infiniplex_forest_end_3, infiniplex_forest_clump_small,
          infiniplex_forest_straight_4, infiniplex_forest_clump_long,
          serial_shops, shop, minivault_14
D:5:      bloody_trog, minmay_temple_entry_purple_smoke,
          lightli_ossuary_entry_decrepit_ruins, serial_shops, shop,
          hangedman_glass_teeth, columned_hall_lemuel, uniq_edmund,
          uniq_eustachio
D:7:      cheibriados_altar_1, kennysheep_little_box, lemuel_crystal_altar,
          basic_altar
D:8:      enter_bailey_3, uniq_erolcha
D:9:      nemelex_altar_shiori, david_lair_generic, serial_shops,
          nicolae_shop_waterfront, nicolae_shop_behind_doors, shop, basic_altar,
          grunt_livestock
D:10:     minmay_orc_entry_temple_small
D:11:     serial_bayou, serial_bayou_pond_c, serial_bayou_pond_a,
          serial_bayou_lagoon_a, serial_bayou_pond_e, serial_bayou_crossing,
          serial_bayou_pond_d, serial_shops, shop, special_room,
          nicolae_trove_entry_free_sample, uniq_urug
D:13:     serial_shops, shop, grunt_gozag_statues
D:14:     david_vaults_5, hangedman_abyss_or_decor_lesser_grid, feat_on_display
Temple:   corrupted_temple
Lair:1:   grunt_megastairs_5
Lair:2:   portal_ice_cave_entry_ice_beasts, minmay_holes, wad_woods_road_05,
          lemuel_fruit_fields, serial_bayou_shore_b, lemuel_fruit_fields,
          lemuel_fruit_fields
Lair:3:   spider_nest_entry_rubble, bobbens_dragon_lair_wall, uniq_gastronok
Lair:4:   basic_altar, serial_bayou_shore_b
Lair:5:   basic_altar
Lair:6:   elwin_shoals_entry_rocks, serial_bayou_shore_b,
          infiniplex_staircase_pool_2
Lair:7:   boulder_quad_collide, serial_bayou_shore_b
Lair:8:   minmay_lair_end_frog_pond, minmay_slime_entry_pillars
Orc:1:    uniq_snorg
Orc:2:    pf_orc_diabolical, lab_entry_generic, nicolae_volcano_entry_vermiform,
          lightli_church_of_beogh
Lab:      labyrinth_skeletal_remains, nicolae_lab_starburst, lab_hedge,
          nicolae_lab_blocks, nicolae_lab_very_dead_end
Ossuary:  ossuary_tomb_3
IceCv:    ice_cave_caverns_02
Volcano:  volcano_village

Action                   |  1- 3 |  4- 6 |  7- 9 | 10-12 | 13-15 | 16-18 || total
-------------------------+-------+-------+-------+-------+-------+-------++-------
Melee: Club              |     1 |       |       |       |       |       ||     1
       Short sword       |    26 |    76 |       |       |       |       ||   102
       Mace              |       |     9 |   176 |   255 |    36 |       ||   476
       Scimitar          |       |     3 |       |       |       |       ||     3
       Flail             |       |       |    37 |    58 |       |       ||    95
       Staff             |       |       |       |     4 |   407 |    96 ||   507
       Dagger            |       |       |       |       |    12 |       ||    12
 Fire: Blowgun           |       |       |     8 |       |    16 |       ||    24
 Cast: Flame Tongue      |    41 |    17 |    41 |    48 |    90 |       ||   237
       Sticky Flame      |       |     4 |    25 |    90 |   275 |    11 ||   405
       Fireball          |       |       |       |    71 |   186 |    30 ||   287
       Shroud of Golubri |       |       |       |    17 |   101 |    10 ||   128
       Apportation       |       |       |       |     3 |       |     1 ||     4
       Delayed Fireball  |       |       |       |       |     1 |       ||     1
       Bolt of Fire      |       |       |       |       |    32 |    21 ||    53
       Bolt of Magma     |       |       |       |       |    29 |     3 ||    32
Invok: Forget Spell      |       |       |       |       |     1 |       ||     1
 Abil: Evoke Flight      |       |       |       |     2 |       |       ||     2
Evoke: Wand              |       |     2 |     9 |    27 |    16 |       ||    54
       Deck              |       |       |       |     3 |       |       ||     3
       Box of beasts     |       |       |       |     2 |     1 |       ||     3
  Use: Scroll            |     3 |     1 |    12 |    18 |    14 |     7 ||    55
       Potion            |       |     3 |     1 |     7 |    10 |     1 ||    22
 Stab: Sleeping          |     3 |     9 |    14 |    11 |     1 |       ||    38
       Distracted        |       |       |     3 |       |       |       ||     3
       Confused          |       |       |     2 |     8 |     5 |       ||    15
       Invisible         |       |       |       |     1 |       |       ||     1
  Eat: Chunk             |     2 |     9 |    21 |    33 |    69 |     3 ||   137
       Bread ration      |       |     1 |     1 |     1 |     1 |     1 ||     5
       Meat ration       |       |       |       |     1 |     1 |     1 ||     3
       Beef jerky        |       |       |       |     6 |     2 |     1 ||     9
       Fruit             |       |       |       |     6 |     8 |       ||    14
       Pizza             |       |       |       |     4 |     5 |       ||     9
       Royal jelly       |       |       |       |       |     1 |     1 ||     2
